Carnivores vs Knights
Created - 21 octobre 2015 at 06:44
Goals
|
| Carnivores |
1 |
1 |
3 |
5 |
| Knights |
3 |
1 |
0 |
4 |
|
Shots
|
| Carnivores |
13 |
15 |
19 |
47 |
| Knights |
14 |
6 |
7 |
27 |
|
1st period
1. Knights , James Wright 2 (Jason Zucker, Garnet Exelby) at 2:54 (PP)
2. Knights , Chris Thorburn 7 (Eric Gelinas, Jacob Markstrom) at 5:01
3. Knights , Tyler Seguin 5 (Chris Thorburn) at 5:15
4. Carnivores , Joffrey Lupul 5 (Andy Miele) at 8:04
Penalties :
Frederic St-Denis (Bre) for Holding (Minor) at 1:54
2nd period
5. Carnivores , Colton Orr 1 (Jeremy Welsh, Patrick McNeill) at 4:51
6. Knights , Chris Thorburn 8 (Tyler Seguin) at 9:10 (PP)
Penalties :
Colton Orr (Bre) for Hooking (Minor) at 9:07, Joffrey Lupul (Bre) for Holding (Minor) at 9:25, James Wright (Lon) for Interference (Minor) at 16:38
3rd period
7. Carnivores , Phil Oreskovic 1 (Brendan Gallagher) at 1:38 (PP)
8. Carnivores , Blake Geoffrion 2 (Chris Lawrence) at 2:44
9. Carnivores , Phil Oreskovic 2 (Zack Smith) at 3:58
Penalties :
Tomas Kundratek (Lon) for Hooking (Minor) at 1:12, Tomas Kundratek (Lon) for Hooking (Minor) at 7:48, Chris Thorburn (Lon) for Interference (Minor) at 12:23, Joe Colborne (Lon) for Tripping (Minor) at 17:28
Goalie Stats
Antti Raanta (Bre), 15 saves from 19 shots - (0,789), 29:10 minutes
Ray Emery (Bre), 8 saves from 8 shots - (1,000), W, 2-4-0, 30:50 minutes
Jacob Markstrom (Lon), 42 saves from 47 shots - (0,894), L, 3-5-0, 59:40 minutes
Players Stats for Carnivores
Player Name G A P +/- PIM S H SB GA TA FO MP PP MP PK MP
------------------------------------------------------------------------------------
Adam Almquist 0 0 0 0 0 0 1 0 0 0 0/0 5:32 0:00 0:00
Andy Miele 0 1 1 0 0 7 1 0 1 1 18/38 22:09 4:50 1:42
Anton Gustafsson 0 0 0 0 0 2 0 0 0 0 3/11 16:59 3:32 0:00
Anton Lander 0 0 0 1 0 1 1 0 1 0 2/4 12:42 0:00 0:57
Billy Sweat 0 0 0 1 0 5 0 0 0 0 0/0 10:05 0:00 0:42
Blake Geoffrion 1 0 1 0 0 1 0 0 0 0 1/1 17:49 3:32 0:50
Bobby Sanguinetti 0 0 0 -1 0 1 1 0 0 2 0/0 24:44 5:08 1:13
Brendan Gallagher 0 1 1 0 0 0 3 1 0 0 2/3 20:05 4:30 0:00
Chris Butler 0 0 0 0 0 0 0 3 0 0 0/0 9:59 0:38 0:00
Chris Lawrence 0 1 1 0 0 8 1 1 0 0 1/2 17:22 3:32 0:23
Colton Orr 1 0 1 1 2 3 2 0 0 0 0/0 9:38 0:00 0:00
Frederic St-Denis 0 0 0 0 2 1 1 0 0 0 0/0 9:20 0:00 0:00
Jeremy Welsh 0 1 1 1 0 1 0 1 0 1 0/1 12:29 0:20 0:00
Joffrey Lupul 1 0 1 0 2 8 1 0 0 1 0/1 20:44 4:50 0:40
Patrick McNeill 0 1 1 3 0 0 1 0 0 0 0/0 17:33 2:36 1:13
Phil Oreskovic 2 0 2 3 0 5 2 2 0 0 0/0 22:56 5:46 1:49
Sasha Pokulok 0 0 0 -1 0 0 1 2 0 1 0/0 24:23 2:36 1:49
Stanislav Galiev 0 0 0 1 0 1 1 0 0 0 0/0 7:47 0:00 0:00
Zach Jones 0 0 0 0 0 0 0 0 0 0 0/0 5:32 0:00 0:00
Zack Smith 0 1 1 1 0 3 1 0 0 0 3/4 9:07 0:00 0:50
Players Stats for Knights
Player Name G A P +/- PIM S H SB GA TA FO MP PP MP PK MP
------------------------------------------------------------------------------------
Alex Chiasson 0 0 0 -3 0 1 0 1 0 0 0/2 14:42 0:00 0:00
Chris Thorburn 2 1 3 1 2 3 4 0 0 0 1/1 17:55 1:56 1:19
Eric Gelinas 0 1 1 1 0 1 1 4 0 0 0/0 28:18 2:14 5:21
Garnet Exelby 0 1 1 0 0 0 0 2 0 0 0/0 25:36 2:14 5:32
James Wright 1 0 1 -3 2 7 1 0 0 0 17/33 19:26 1:06 3:27
Jason Zucker 0 1 1 0 0 1 0 0 0 0 0/0 11:16 1:06 0:21
Jimmy Hayes 0 0 0 0 0 0 1 0 1 0 0/0 11:11 1:06 0:00
Joe Colborne 0 0 0 0 2 1 1 0 1 0 4/7 12:03 0:00 2:24
Josh Jooris 0 0 0 0 0 0 0 0 0 0 1/4 9:57 0:00 0:20
Kevin Hayes 0 0 0 0 0 2 1 0 1 0 0/0 9:22 0:00 0:00
Magnus Paajarvi-Svensson 0 0 0 1 0 1 1 0 0 1 1/1 18:41 1:55 2:06
Michael Raffl 0 0 0 -3 0 1 4 3 1 0 1/1 19:21 0:01 4:36
Michael Stone 0 0 0 1 0 3 1 1 0 0 0/0 14:22 0:00 0:02
Nikita Nikitin 0 0 0 -3 0 0 0 2 1 1 0/0 17:14 0:48 3:12
Ronalds Kenins 0 0 0 0 0 2 1 0 0 0 1/1 9:22 0:00 0:00
Tomas Kundratek 0 0 0 -3 4 1 3 1 0 0 0/0 19:35 0:48 2:22
Tyler Seguin 1 1 2 1 0 1 1 0 0 0 9/15 18:18 1:56 2:11
Zbynek Michalek 0 0 0 0 0 2 0 1 1 0 0/0 14:54 0:00 0:15
3 Stars
1 - Phil Oreskovic (Bre)
2 - Chris Thorburn (Lon)
3 - Tyler Seguin (Lon)
Power Play
Carnivores - 1 on 5 Attempt(s) - 20,00%
Knights - 2 on 3 Attempt(s) - 66,67%
Penalty Kill
Carnivores - 1 on 3 Attempt(s) - 33,33%
- Score 0 goal in Penalty Kill
Knights - 4 on 5 Attempt(s) - 80,00%
- Score 0 goal in Penalty Kill
Team Stat
Carnivores - Hits : 18 - Faceoff Wins : 30 - Blocked Shots : 10 - Penalty Minutes : 6
Knights - Hits : 20 - Faceoff Wins : 35 - Blocked Shots : 15 - Penalty Minutes : 10
Official
Referees : L'Ecuyer Frederick and VanMassenhoven Don
Linesman : Mike Cvik and Ryan Galloway
Game Notes
Ray Emery enters game at 9:10 of 2nd period
Finance
Level 1 -- Attendance: 1611 (80,55%) -- Ticket Income 56 385 $
Level 2 -- Attendance: 680 (68,00%) -- Ticket Income 13 600 $
Total Attendance: 2291 (76,37%)
Total Ticket Income: 69 985 $
Other Income: 3 499 $
Total Income: 73 484 $
Carnivores
5 vs 5 Forward
Center Left Wing Right Wing Time % Phy DF OF
1 Andy Miele Joffrey Lupul Brendan Gallagher 40 1 2 2
2 Anton Gustafsson Blake Geoffrion Chris Lawrence 30 1 2 2
3 Anton Lander Jeremy Welsh Colton Orr 20 1 2 2
4 Zack Smith Billy Sweat Stanislav Galiev 10 1 2 2
5 vs 5 Defense
Defense Defense Time % Phy DF OF
1 Bobby Sanguinetti Sasha Pokulok 40 1 2 2
2 Phil Oreskovic Patrick McNeill 30 1 2 2
3 Chris Butler Frederic St-Denis 20 1 2 2
4 Adam Almquist Zach Jones 10 1 2 2
PowerPlay Forward
Center Left Wing Right Wing Time % Phy DF OF
1 Andy Miele Joffrey Lupul Brendan Gallagher 60 1 2 2
2 Anton Gustafsson Blake Geoffrion Chris Lawrence 40 1 2 2
PowerPlay Defense
Defense Defense Time % Phy DF OF
1 Bobby Sanguinetti Phil Oreskovic 60 1 2 2
2 Patrick McNeill Sasha Pokulok 40 1 2 2
Penalty Kill 4 Players Forward
Center Wing Time % Phy DF OF
1 Andy Miele Joffrey Lupul 60 1 2 2
2 Anton Lander Chris Lawrence 40 1 2 2
Penalty Kill 4 Players Defense
Defense Defense Time % Phy DF OF
1 Phil Oreskovic Sasha Pokulok 60 1 2 2
2 Bobby Sanguinetti Patrick McNeill 40 1 2 2
Penalty Kill - 3 Players Forward
Forward Time % Phy DF OF
1 Andy Miele 60 1 2 2
2 Anton Lander 40 1 2 2
Penalty Kill - 3 Players Defense
Defense Defense Time % Phy DF OF
1 Phil Oreskovic Sasha Pokulok 60 1 2 2
2 Bobby Sanguinetti Patrick McNeill 40 1 2 2
4 vs 4 Forward
Center Wing Time % Phy DF OF
1 Andy Miele Joffrey Lupul 60 1 2 2
2 Anton Lander Chris Lawrence 40 1 2 2
4 vs 4 Defense
Defense Defense Time % Phy DF OF
1 Bobby Sanguinetti Phil Oreskovic 60 1 2 2
2 Patrick McNeill Sasha Pokulok 40 1 2 2
Last Minutes Offensive
Center Left Wing Right Wing Defense Defense
Andy Miele Joffrey Lupul Brendan Gallagher Bobby Sanguinetti Phil Oreskovic
Last Minutes Defensive
Center Left Wing Right Wing Defense Defense
Anton Lander Joffrey Lupul Andy Miele Phil Oreskovic Sasha Pokulok
Goaltenders
Starting : Antti Raanta
Backup : Ray Emery
Extra Forwards
Normal : Jeremy Welsh, Anton Lander, Zack Smith - PP : Jeremy Welsh, Anton Lander - PK : Zack Smith
Extra Defensemen
Normal : Chris Butler, Frederic St-Denis, Zach Jones - PP : Chris Butler - PK : Frederic St-Denis, Zach Jones
Penalty Shots
Andy Miele, Anton Lander, Blake Geoffrion, Chris Lawrence, Brendan Gallagher
Knights
5 vs 5 Forward
Center Left Wing Right Wing Time % Phy DF OF
1 James Wright Michael Raffl Alex Chiasson 35 1 3 1
2 Tyler Seguin Magnus Paajarvi-Svensson Chris Thorburn 34 1 1 3
3 Joe Colborne Jason Zucker Jimmy Hayes 17 1 2 2
4 Josh Jooris Ronalds Kenins Kevin Hayes 14 1 2 2
5 vs 5 Defense
Defense Defense Time % Phy DF OF
1 Eric Gelinas Garnet Exelby 40 1 3 1
2 Nikita Nikitin Tomas Kundratek 30 1 2 2
3 Michael Stone Zbynek Michalek 20 1 2 2
4 Tomas Kundratek Eric Gelinas 10 1 2 2
PowerPlay Forward
Center Left Wing Right Wing Time % Phy DF OF
1 Tyler Seguin Magnus Paajarvi-Svensson Chris Thorburn 60 1 1 3
2 James Wright Jason Zucker Jimmy Hayes 40 1 1 3
PowerPlay Defense
Defense Defense Time % Phy DF OF
1 Garnet Exelby Eric Gelinas 60 1 1 3
2 Tomas Kundratek Nikita Nikitin 40 1 1 3
Penalty Kill 4 Players Forward
Center Wing Time % Phy DF OF
1 James Wright Michael Raffl 60 1 3 1
2 Joe Colborne Chris Thorburn 40 1 3 1
Penalty Kill 4 Players Defense
Defense Defense Time % Phy DF OF
1 Garnet Exelby Eric Gelinas 60 1 3 1
2 Tomas Kundratek Nikita Nikitin 40 1 3 1
Penalty Kill - 3 Players Forward
Forward Time % Phy DF OF
1 James Wright 60 0 4 1
2 Chris Thorburn 40 0 4 1
Penalty Kill - 3 Players Defense
Defense Defense Time % Phy DF OF
1 Garnet Exelby Eric Gelinas 60 1 4 0
2 Tomas Kundratek Nikita Nikitin 40 1 4 0
4 vs 4 Forward
Center Wing Time % Phy DF OF
1 Tyler Seguin Chris Thorburn 60 1 1 3
2 James Wright Alex Chiasson 40 1 2 2
4 vs 4 Defense
Defense Defense Time % Phy DF OF
1 Nikita Nikitin Eric Gelinas 60 1 2 2
2 Garnet Exelby Tomas Kundratek 40 1 2 2
Last Minutes Offensive
Center Left Wing Right Wing Defense Defense
Tyler Seguin Magnus Paajarvi-Svensson Chris Thorburn Nikita Nikitin Eric Gelinas
Last Minutes Defensive
Center Left Wing Right Wing Defense Defense
James Wright Alex Chiasson Chris Thorburn Garnet Exelby Eric Gelinas
Goaltenders
Starting : Jacob Markstrom
Backup : Peter Delmas
Extra Forwards
Normal : Tyler Seguin, Jimmy Hayes, Joe Colborne - PP : Tyler Seguin, Jimmy Hayes - PK : Joe Colborne
Extra Defensemen
Normal : Tomas Kundratek, Eric Gelinas, Nikita Nikitin - PP : Tomas Kundratek - PK : Tomas Kundratek, Eric Gelinas
Penalty Shots
Tyler Seguin, Michael Raffl, Alex Chiasson, Chris Thorburn, James Wright
% Time on Ice - Carnivores
Lines # - Real PCT - Wanted PCT - Time Play
Normal Forward
1 - 36% - 40% - 17:13
2 - 28% - 30% - 13:27
3 - 20% - 20% - 9:39
4 - 16% - 10% - 7:47
Normal Defense
1 - 42% - 40% - 19:59
2 - 28% - 30% - 13:14
3 - 19% - 20% - 9:21
4 - 12% - 10% - 5:32
PP Forward
1 - 58% - 60% - 4:50
2 - 42% - 40% - 3:32
PP Defense
1 - 69% - 60% - 5:46
2 - 31% - 40% - 2:36
PK Forward
1 - 87% - 60% - 2:39
2 - 13% - 40% - 0:23
PK Defense
1 - 60% - 60% - 1:49
2 - 40% - 40% - 1:13
PK3 Forward
1 - 0% - 60%
2 - 0% - 40%
PK3 Defense
1 - 0% - 60%
2 - 0% - 40%
44 Forward
1 - 0% - 60%
2 - 0% - 40%
44 Defense
1 - 0% - 60%
2 - 0% - 40%
Last Minute Offensive - 0:00
Last Minute Defensive - 0:30
Total
Forward - 60:00
Defense - 60:00
|
% Time on Ice - Knights
Lines # - Real PCT - Wanted PCT - Time Play
Normal Forward
1 - 31% - 35% - 15:00
2 - 29% - 34% - 14:09
3 - 20% - 17% - 9:36
4 - 19% - 14% - 9:22
Normal Defense
1 - 36% - 40% - 17:21
2 - 28% - 30% - 13:15
3 - 30% - 20% - 14:19
4 - 7% - 10% - 3:12
PP Forward
1 - 64% - 60% - 1:56
2 - 36% - 40% - 1:06
PP Defense
1 - 74% - 60% - 2:14
2 - 26% - 40% - 0:48
PK Forward
1 - 75% - 60% - 6:19
2 - 25% - 40% - 2:03
PK Defense
1 - 59% - 60% - 4:55
2 - 41% - 40% - 3:27
PK3 Forward
1 - 0% - 60%
2 - 0% - 40%
PK3 Defense
1 - 0% - 60%
2 - 0% - 40%
44 Forward
1 - 0% - 60%
2 - 0% - 40%
44 Defense
1 - 0% - 60%
2 - 0% - 40%
Last Minute Offensive - 0:29
Last Minute Defensive - 0:00
Total
Forward - 60:00
Defense - 60:00
|
Play by Play
1st period
0:01 of 1st period - Andy Miele wins face-off versus James Wright in neutral zone.
0:30 of 1st period - Snap shot by Chris Lawrence.
0:30 of 1st period - Stopped by Jacob Markstrom with a rebound.
1:04 of 1st period - Icing by Billy Sweat.
1:05 of 1st period - Zack Smith wins face-off versus Josh Jooris in Carnivores zone.
1:12 of 1st period - Icing by Zbynek Michalek.
1:13 of 1st period - Josh Jooris wins face-off versus Andy Miele in Knights zone.
1:22 of 1st period - Slapshot by Zbynek Michalek.
1:22 of 1st period - Shot Blocked by Phil Oreskovic.
1:30 of 1st period - Slapshot by Zbynek Michalek.
1:30 of 1st period - Stopped by Antti Raanta with a rebound.
1:32 of 1st period - Wrist shot by Kevin Hayes.
1:32 of 1st period - Stopped by Antti Raanta without a rebound.
1:33 of 1st period - James Wright wins face-off versus Anton Gustafsson in Carnivores zone.
1:34 of 1st period - Slapshot by Alex Chiasson.
1:34 of 1st period - Shot Blocked by Chris Butler.
1:36 of 1st period - Slapshot by Eric Gelinas.
1:36 of 1st period - Shot Misses the Net.
1:40 of 1st period - Wrist shot by James Wright.
1:40 of 1st period - Stopped by Antti Raanta with a rebound.
1:54 of 1st period - Minor Penalty to Frederic St-Denis for Holding.
1:55 of 1st period - Tyler Seguin wins face-off versus Andy Miele in Carnivores zone.
2:00 of 1st period - Snap shot by Chris Thorburn.
2:00 of 1st period - Stopped by Antti Raanta with a rebound.
2:02 of 1st period - Slapshot by Eric Gelinas.
2:02 of 1st period - Deflect By Tyler Seguin.
2:02 of 1st period - Shot Misses the Net.
2:02 of 1st period - Puck is out of play.
2:03 of 1st period - Tyler Seguin wins face-off versus Andy Miele in Carnivores zone.
2:52 of 1st period - Snap shot by Jason Zucker.
2:52 of 1st period - Shot Misses the Net.
2:54 of 1st period - Snap shot by James Wright.
2:54 of 1st period - Goal by James Wright - Carnivores : 0 - Knights : 1.
2:55 of 1st period - Andy Miele wins face-off versus James Wright in neutral zone.
3:49 of 1st period - Snap shot by Joe Colborne.
3:49 of 1st period - Shot Blocked by Chris Lawrence.
4:07 of 1st period - Wrist shot by Zack Smith.
4:07 of 1st period - Shot Misses the Net.
4:09 of 1st period - Slapshot by Phil Oreskovic.
4:09 of 1st period - Stopped by Jacob Markstrom with a rebound.
4:41 of 1st period - Wrist shot by Chris Thorburn.
4:41 of 1st period - Shot Blocked by Chris Butler.
5:01 of 1st period - Snap shot by Chris Thorburn.
5:01 of 1st period - Goal by Chris Thorburn - Carnivores : 0 - Knights : 2.
5:02 of 1st period - Chris Thorburn wins face-off versus Andy Miele in neutral zone.
5:15 of 1st period - Snap shot by Tyler Seguin.
5:15 of 1st period - Goal by Tyler Seguin - Carnivores : 0 - Knights : 3.
5:16 of 1st period - Andy Miele wins face-off versus James Wright in neutral zone.
5:41 of 1st period - Nikita Nikitin is hit by Adam Almquist.
5:45 of 1st period - Snap shot by Magnus Paajarvi-Svensson.
5:45 of 1st period - Shot Misses the Net.
6:09 of 1st period - Wrist shot by Jeremy Welsh.
6:09 of 1st period - Stopped by Jacob Markstrom without a rebound.
6:10 of 1st period - Andy Miele wins face-off versus James Wright in Knights zone.
6:21 of 1st period - Wrist shot by Andy Miele.
6:21 of 1st period - Shot Blocked by Tomas Kundratek.
6:23 of 1st period - Snap shot by Andy Miele.
6:23 of 1st period - Stopped by Jacob Markstrom without a rebound.
6:24 of 1st period - Tyler Seguin wins face-off versus Anton Gustafsson in Knights zone.
6:24 of 1st period - Tyler Seguin is hit by Chris Lawrence.
6:32 of 1st period - Snap shot by Chris Thorburn.
6:32 of 1st period - Deflect By Tyler Seguin.
6:32 of 1st period - Shot Blocked by Sasha Pokulok.
6:32 of 1st period - Puck is out of play.
6:33 of 1st period - Chris Lawrence wins face-off versus Tyler Seguin in Carnivores zone.
6:44 of 1st period - Wrist shot by Chris Lawrence.
6:44 of 1st period - Shot Misses the Net.
6:46 of 1st period - Slapshot by Chris Lawrence.
6:46 of 1st period - Shot Misses the Net.
6:48 of 1st period - Slapshot by Sasha Pokulok.
6:48 of 1st period - Shot Blocked by Eric Gelinas.
6:50 of 1st period - Slapshot by Blake Geoffrion.
6:50 of 1st period - Shot Misses the Net.
7:52 of 1st period - Snap shot by Blake Geoffrion.
7:52 of 1st period - Shot Blocked by Eric Gelinas.
7:54 of 1st period - Snap shot by Chris Lawrence.
7:54 of 1st period - Stopped by Jacob Markstrom without a rebound.
7:55 of 1st period - Andy Miele wins face-off versus James Wright in Knights zone.
8:00 of 1st period - Wrist shot by Joffrey Lupul.
8:00 of 1st period - Shot Blocked by Nikita Nikitin.
8:02 of 1st period - Wrist shot by Joffrey Lupul.
8:02 of 1st period - Shot Blocked by Alex Chiasson.
8:04 of 1st period - Wrist shot by Joffrey Lupul.
8:04 of 1st period - Goal by Joffrey Lupul - Carnivores : 1 - Knights : 3.
8:05 of 1st period - Andy Miele wins face-off versus James Wright in neutral zone.
8:16 of 1st period - Snap shot by Alex Chiasson.
8:16 of 1st period - Shot Blocked by Brendan Gallagher.
8:18 of 1st period - Wrist shot by James Wright.
8:18 of 1st period - Stopped by Antti Raanta with a rebound.
8:30 of 1st period - Joe Colborne is hit by Phil Oreskovic and loses puck.
8:55 of 1st period - Slapshot by Billy Sweat.
8:55 of 1st period - Stopped by Jacob Markstrom without a rebound.
8:56 of 1st period - James Wright wins face-off versus Andy Miele in Knights zone.
9:05 of 1st period - Snap shot by James Wright.
9:05 of 1st period - Stopped by Antti Raanta with a rebound.
9:21 of 1st period - Colton Orr is hit by Jimmy Hayes.
9:43 of 1st period - Wrist shot by Zack Smith.
9:43 of 1st period - Deflect By Billy Sweat.
9:43 of 1st period - Stopped by Jacob Markstrom without a rebound.
9:44 of 1st period - Ronalds Kenins wins face-off versus Zack Smith in Knights zone.
9:49 of 1st period - Slapshot by Billy Sweat.
9:49 of 1st period - Stopped by Jacob Markstrom with a rebound.
10:02 of 1st period - Slapshot by Sasha Pokulok.
10:02 of 1st period - Shot Blocked by Zbynek Michalek.
10:04 of 1st period - Wrist shot by Bobby Sanguinetti.
10:04 of 1st period - Shot Blocked by Michael Stone.
11:01 of 1st period - Snap shot by Ronalds Kenins.
11:01 of 1st period - Stopped by Antti Raanta with a rebound.
11:09 of 1st period - Slapshot by Zack Smith.
11:09 of 1st period - Deflect By Billy Sweat.
11:09 of 1st period - Stopped by Jacob Markstrom with a rebound.
11:33 of 1st period - Snap shot by Josh Jooris.
11:33 of 1st period - Shot Misses the Net.
11:35 of 1st period - Snap shot by Kevin Hayes.
11:35 of 1st period - Stopped by Antti Raanta without a rebound.
11:36 of 1st period - Andy Miele wins face-off versus James Wright in Carnivores zone.
11:49 of 1st period - Wrist shot by Alex Chiasson.
11:49 of 1st period - Deflect By Michael Raffl.
11:49 of 1st period - Stopped by Antti Raanta with a rebound.
12:27 of 1st period - Snap shot by Anton Gustafsson.
12:27 of 1st period - Stopped by Jacob Markstrom with a rebound.
12:29 of 1st period - Slapshot by Chris Butler.
12:29 of 1st period - Shot Misses the Net.
12:31 of 1st period - Slapshot by Frederic St-Denis.
12:31 of 1st period - Shot Misses the Net.
12:45 of 1st period - Snap shot by Alex Chiasson.
12:45 of 1st period - Shot Blocked by Chris Butler.
13:59 of 1st period - Snap shot by Chris Lawrence.
13:59 of 1st period - Stopped by Jacob Markstrom with a rebound.
14:41 of 1st period - Tomas Kundratek is hit by Patrick McNeill and loses puck.
16:31 of 1st period - Icing by Michael Stone.
16:32 of 1st period - James Wright wins face-off versus Anton Lander in Knights zone.
16:49 of 1st period - Bobby Sanguinetti is hit by Tyler Seguin and loses puck.
17:32 of 1st period - Wrist shot by Colton Orr.
17:32 of 1st period - Shot Misses the Net.
18:08 of 1st period - Wrist shot by Joffrey Lupul.
18:08 of 1st period - Stopped by Jacob Markstrom with a rebound.
19:33 of 1st period - Billy Sweat is hit by Ronalds Kenins and loses puck.
19:40 of 1st period - Snap shot by Ronalds Kenins.
19:40 of 1st period - Stopped by Antti Raanta with a rebound.
19:42 of 1st period - Snap shot by Ronalds Kenins.
19:42 of 1st period - Shot Misses the Net.
19:56 of 1st period - Wrist shot by Zbynek Michalek.
19:56 of 1st period - Stopped by Antti Raanta without a rebound.
19:57 of 1st period - James Wright wins face-off versus Andy Miele in Carnivores zone.
Goals for this period are 1 for Carnivores vs 3 for Knights.
Shots for this period are 13 for Carnivores vs 14 for Knights.
2nd period
0:01 of 2nd period - James Wright wins face-off versus Andy Miele in neutral zone.
0:26 of 2nd period - Blake Geoffrion is hit by Chris Thorburn and loses puck.
0:34 of 2nd period - Off-side.
0:35 of 2nd period - Andy Miele wins face-off versus Tyler Seguin in neutral zone.
0:38 of 2nd period - Snap shot by Joffrey Lupul.
0:38 of 2nd period - Stopped by Jacob Markstrom with a rebound.
0:46 of 2nd period - Snap shot by Joffrey Lupul.
0:46 of 2nd period - Shot Misses the Net.
0:48 of 2nd period - Wrist shot by Joffrey Lupul.
0:48 of 2nd period - Shot Misses the Net.
0:50 of 2nd period - Snap shot by Andy Miele.
0:50 of 2nd period - Stopped by Jacob Markstrom without a rebound.
0:51 of 2nd period - James Wright wins face-off versus Anton Gustafsson in Knights zone.
1:16 of 2nd period - Tomas Kundratek is hit by Brendan Gallagher.
2:13 of 2nd period - Kevin Hayes is hit by Phil Oreskovic and loses puck.
3:49 of 2nd period - Nikita Nikitin is hit by Stanislav Galiev and loses puck.
4:28 of 2nd period - Chris Butler is hit by Michael Raffl and loses puck.
4:51 of 2nd period - Wrist shot by Colton Orr.
4:51 of 2nd period - Goal by Colton Orr - Carnivores : 2 - Knights : 3.
4:52 of 2nd period - Andy Miele wins face-off versus James Wright in neutral zone.
5:07 of 2nd period - Snap shot by Andy Miele.
5:07 of 2nd period - Stopped by Jacob Markstrom with a rebound.
5:24 of 2nd period - Anton Gustafsson is hit by Chris Thorburn.
5:45 of 2nd period - Snap shot by Colton Orr.
5:45 of 2nd period - Shot Blocked by Nikita Nikitin.
5:49 of 2nd period - Slapshot by Colton Orr.
5:49 of 2nd period - Stopped by Jacob Markstrom without a rebound.
5:50 of 2nd period - Andy Miele wins face-off versus James Wright in Knights zone.
6:15 of 2nd period - Blake Geoffrion is hit by Tomas Kundratek and loses puck.
7:17 of 2nd period - Snap shot by James Wright.
7:17 of 2nd period - Stopped by Antti Raanta without a rebound.
7:18 of 2nd period - James Wright wins face-off versus Andy Miele in Carnivores zone.
7:43 of 2nd period - Alex Chiasson is hit by Brendan Gallagher and loses puck.
7:49 of 2nd period - Off-side.
7:50 of 2nd period - Tyler Seguin wins face-off versus Anton Gustafsson in neutral zone.
7:54 of 2nd period - Slapshot by Michael Stone.
7:54 of 2nd period - Shot Blocked by Phil Oreskovic.
7:56 of 2nd period - Slapshot by Michael Stone.
7:56 of 2nd period - Stopped by Antti Raanta with a rebound.
7:58 of 2nd period - Snap shot by Magnus Paajarvi-Svensson.
7:58 of 2nd period - Shot Misses the Net.
8:00 of 2nd period - Snap shot by Michael Stone.
8:00 of 2nd period - Stopped by Antti Raanta with a rebound.
8:02 of 2nd period - Slapshot by Michael Stone.
8:02 of 2nd period - Shot Misses the Net.
8:04 of 2nd period - Snap shot by Magnus Paajarvi-Svensson.
8:04 of 2nd period - Shot Misses the Net.
8:06 of 2nd period - Slapshot by Michael Stone.
8:06 of 2nd period - Stopped by Antti Raanta without a rebound.
8:07 of 2nd period - Andy Miele wins face-off versus Alex Chiasson in Carnivores zone.
8:07 of 2nd period - Andy Miele is hit by Michael Raffl.
8:19 of 2nd period - Slapshot by Andy Miele.
8:19 of 2nd period - Stopped by Jacob Markstrom without a rebound.
8:20 of 2nd period - Tyler Seguin wins face-off versus Andy Miele in Knights zone.
8:45 of 2nd period - Blake Geoffrion is hit by Michael Raffl and loses puck.
9:07 of 2nd period - Minor Penalty to Colton Orr for Hooking.
9:08 of 2nd period - Tyler Seguin wins face-off versus Andy Miele in Carnivores zone.
9:10 of 2nd period - Snap shot by Chris Thorburn.
9:10 of 2nd period - Goal by Chris Thorburn - Carnivores : 2 - Knights : 4.
9:10 of 2nd period - Ray Emery enters game.
9:11 of 2nd period - Andy Miele wins face-off versus Tyler Seguin in neutral zone.
9:25 of 2nd period - Minor Penalty to Joffrey Lupul for Holding.
9:26 of 2nd period - Magnus Paajarvi-Svensson wins face-off versus Andy Miele in Carnivores zone.
9:32 of 2nd period - Snap shot by Magnus Paajarvi-Svensson.
9:32 of 2nd period - Deflect By Tyler Seguin.
9:32 of 2nd period - Shot Blocked by Sasha Pokulok.
9:32 of 2nd period - Puck is out of play.
9:33 of 2nd period - Andy Miele wins face-off versus Tyler Seguin in Carnivores zone.
9:33 of 2nd period - Andy Miele is hit by Magnus Paajarvi-Svensson.
10:54 of 2nd period - Garnet Exelby is hit by Zack Smith and loses puck.
11:25 of 2nd period - Penalty to Joffrey Lupul is over, Joffrey Lupul is back on ice.
12:08 of 2nd period - Wrist shot by Joffrey Lupul.
12:08 of 2nd period - Stopped by Jacob Markstrom with a rebound.
12:40 of 2nd period - Slapshot by Anton Lander.
12:40 of 2nd period - Shot Misses the Net.
12:42 of 2nd period - Wrist shot by Joffrey Lupul.
12:42 of 2nd period - Shot Misses the Net.
12:44 of 2nd period - Slapshot by Sasha Pokulok.
12:44 of 2nd period - Shot Misses the Net.
12:46 of 2nd period - Slapshot by Phil Oreskovic.
12:46 of 2nd period - Shot Misses the Net.
12:48 of 2nd period - Snap shot by Joffrey Lupul.
12:48 of 2nd period - Shot Misses the Net.
12:50 of 2nd period - Slapshot by Sasha Pokulok.
12:50 of 2nd period - Shot Misses the Net.
13:00 of 2nd period - Snap shot by Joffrey Lupul.
13:00 of 2nd period - Stopped by Jacob Markstrom without a rebound.
13:01 of 2nd period - Anton Gustafsson wins face-off versus James Wright in Knights zone.
13:11 of 2nd period - Off-side.
13:12 of 2nd period - James Wright wins face-off versus Anton Gustafsson in neutral zone.
13:15 of 2nd period - Chris Butler is hit by James Wright and loses puck.
13:26 of 2nd period - Slapshot by Anton Gustafsson.
13:26 of 2nd period - Stopped by Jacob Markstrom with a rebound.
13:28 of 2nd period - Slapshot by Blake Geoffrion.
13:28 of 2nd period - Shot Blocked by Michael Raffl.
13:35 of 2nd period - Icing by Michael Raffl.
13:36 of 2nd period - Tyler Seguin wins face-off versus Andy Miele in Knights zone.
14:36 of 2nd period - Snap shot by Chris Thorburn.
14:36 of 2nd period - Shot Misses the Net.
15:10 of 2nd period - Andy Miele is hit by Eric Gelinas and loses puck.
15:23 of 2nd period - Wrist shot by Brendan Gallagher.
15:23 of 2nd period - Shot Misses the Net.
15:25 of 2nd period - Snap shot by Jeremy Welsh.
15:25 of 2nd period - Shot Blocked by Garnet Exelby.
15:27 of 2nd period - Snap shot by Andy Miele.
15:27 of 2nd period - Stopped by Jacob Markstrom with a rebound.
15:29 of 2nd period - Slapshot by Jeremy Welsh.
15:29 of 2nd period - Deflect By Chris Thorburn.
15:29 of 2nd period - Shot Misses the Net.
15:29 of 2nd period - Puck is out of play.
15:30 of 2nd period - James Wright wins face-off versus Chris Lawrence in Knights zone.
15:35 of 2nd period - Phil Oreskovic is hit by Tomas Kundratek.
15:43 of 2nd period - Slapshot by Alex Chiasson.
15:43 of 2nd period - Stopped by Ray Emery without a rebound.
15:44 of 2nd period - James Wright wins face-off versus Anton Gustafsson in Carnivores zone.
16:16 of 2nd period - Slapshot by Billy Sweat.
16:16 of 2nd period - Stopped by Jacob Markstrom with a rebound.
16:19 of 2nd period - Icing by Nikita Nikitin.
16:20 of 2nd period - Blake Geoffrion wins face-off versus Joe Colborne in Knights zone.
16:21 of 2nd period - Wrist shot by Chris Lawrence.
16:21 of 2nd period - Stopped by Jacob Markstrom without a rebound.
16:22 of 2nd period - Anton Gustafsson wins face-off versus Alex Chiasson in Knights zone.
16:38 of 2nd period - Minor Penalty to James Wright for Interference.
16:39 of 2nd period - Anton Gustafsson wins face-off versus Joe Colborne in Knights zone.
16:41 of 2nd period - Wrist shot by Chris Lawrence.
16:41 of 2nd period - Stopped by Jacob Markstrom without a rebound.
16:42 of 2nd period - Joe Colborne wins face-off versus Anton Gustafsson in Knights zone.
17:17 of 2nd period - Slapshot by Phil Oreskovic.
17:17 of 2nd period - Stopped by Jacob Markstrom without a rebound.
17:18 of 2nd period - Tyler Seguin wins face-off versus Joffrey Lupul in Knights zone.
17:29 of 2nd period - Nikita Nikitin is hit by Brendan Gallagher and loses puck.
17:54 of 2nd period - Wrist shot by Chris Lawrence.
17:54 of 2nd period - Stopped by Jacob Markstrom with a rebound.
18:38 of 2nd period - Penalty to James Wright is over, James Wright is back on ice.
19:11 of 2nd period - Zbynek Michalek is hit by Frederic St-Denis and loses puck.
19:50 of 2nd period - Snap shot by James Wright.
19:50 of 2nd period - Shot Misses the Net.
Goals for this period are 1 for Carnivores vs 1 for Knights.
Shots for this period are 15 for Carnivores vs 6 for Knights.
3rd period
0:01 of 3rd period - Andy Miele wins face-off versus James Wright in neutral zone.
0:26 of 3rd period - Chris Thorburn is hit by Bobby Sanguinetti and loses puck.
0:49 of 3rd period - Wrist shot by Colton Orr.
0:49 of 3rd period - Stopped by Jacob Markstrom without a rebound.
0:50 of 3rd period - Andy Miele wins face-off versus Joe Colborne in Knights zone.
0:57 of 3rd period - Wrist shot by Andy Miele.
0:57 of 3rd period - Stopped by Jacob Markstrom without a rebound.
0:58 of 3rd period - James Wright wins face-off versus Andy Miele in Knights zone.
1:12 of 3rd period - Minor Penalty to Tomas Kundratek for Hooking.
1:13 of 3rd period - James Wright wins face-off versus Andy Miele in Knights zone.
1:23 of 3rd period - Slapshot by Andy Miele.
1:23 of 3rd period - Stopped by Jacob Markstrom without a rebound.
1:24 of 3rd period - Michael Raffl wins face-off versus Andy Miele in Knights zone.
1:32 of 3rd period - Off-side.
1:33 of 3rd period - Brendan Gallagher wins face-off versus James Wright in neutral zone.
1:38 of 3rd period - Slapshot by Phil Oreskovic.
1:38 of 3rd period - Goal by Phil Oreskovic - Carnivores : 3 - Knights : 4.
1:39 of 3rd period - James Wright wins face-off versus Andy Miele in neutral zone.
1:46 of 3rd period - Snap shot by Garnet Exelby.
1:46 of 3rd period - Shot Misses the Net.
2:04 of 3rd period - Phil Oreskovic is hit by Chris Thorburn and loses puck.
2:13 of 3rd period - Wrist shot by Magnus Paajarvi-Svensson.
2:13 of 3rd period - Stopped by Ray Emery without a rebound.
2:14 of 3rd period - Brendan Gallagher wins face-off versus Tyler Seguin in Carnivores zone.
2:14 of 3rd period - Brendan Gallagher is hit by Tomas Kundratek.
2:44 of 3rd period - Wrist shot by Blake Geoffrion.
2:44 of 3rd period - Goal by Blake Geoffrion - Carnivores : 4 - Knights : 4.
2:45 of 3rd period - James Wright wins face-off versus Andy Miele in neutral zone.
3:10 of 3rd period - Chris Lawrence is hit by Chris Thorburn and loses puck.
3:19 of 3rd period - Slapshot by Bobby Sanguinetti.
3:19 of 3rd period - Stopped by Jacob Markstrom with a rebound.
3:31 of 3rd period - Snap shot by Jeremy Welsh.
3:31 of 3rd period - Shot Blocked by Garnet Exelby.
3:37 of 3rd period - Jason Zucker is hit by Colton Orr and loses puck.
3:52 of 3rd period - Wrist shot by James Wright.
3:52 of 3rd period - Stopped by Ray Emery without a rebound.
3:53 of 3rd period - Zack Smith wins face-off versus James Wright in Carnivores zone.
3:58 of 3rd period - Slapshot by Phil Oreskovic.
3:58 of 3rd period - Goal by Phil Oreskovic - Carnivores : 5 - Knights : 4.
3:59 of 3rd period - Andy Miele wins face-off versus James Wright in neutral zone.
4:39 of 3rd period - Snap shot by Chris Lawrence.
4:39 of 3rd period - Stopped by Jacob Markstrom without a rebound.
4:40 of 3rd period - Joe Colborne wins face-off versus Jeremy Welsh in Knights zone.
6:16 of 3rd period - Slapshot by Jason Zucker.
6:16 of 3rd period - Stopped by Ray Emery with a rebound.
6:18 of 3rd period - Slapshot by Eric Gelinas.
6:18 of 3rd period - Stopped by Ray Emery with a rebound.
6:20 of 3rd period - Wrist shot by Joe Colborne.
6:20 of 3rd period - Stopped by Ray Emery with a rebound.
6:22 of 3rd period - Slapshot by Garnet Exelby.
6:22 of 3rd period - Shot Misses the Net.
6:34 of 3rd period - Wrist shot by Joffrey Lupul.
6:34 of 3rd period - Stopped by Jacob Markstrom with a rebound.
6:36 of 3rd period - Snap shot by Brendan Gallagher.
6:36 of 3rd period - Shot Misses the Net.
6:38 of 3rd period - Snap shot by Joffrey Lupul.
6:38 of 3rd period - Shot Misses the Net.
6:40 of 3rd period - Snap shot by Frederic St-Denis.
6:40 of 3rd period - Deflect By James Wright.
6:40 of 3rd period - Stopped by Jacob Markstrom with a rebound.
6:56 of 3rd period - Snap shot by Zack Smith.
6:56 of 3rd period - Shot Misses the Net.
6:58 of 3rd period - Snap shot by Zack Smith.
6:58 of 3rd period - Stopped by Jacob Markstrom with a rebound.
7:00 of 3rd period - Snap shot by Stanislav Galiev.
7:00 of 3rd period - Stopped by Jacob Markstrom with a rebound.
7:02 of 3rd period - Slapshot by Zack Smith.
7:02 of 3rd period - Stopped by Jacob Markstrom without a rebound.
7:03 of 3rd period - Joe Colborne wins face-off versus Andy Miele in Knights zone.
7:48 of 3rd period - Minor Penalty to Tomas Kundratek for Hooking.
7:49 of 3rd period - Andy Miele wins face-off versus James Wright in Knights zone.
7:54 of 3rd period - Snap shot by Joffrey Lupul.
7:54 of 3rd period - Stopped by Jacob Markstrom with a rebound.
7:58 of 3rd period - Wrist shot by Andy Miele.
7:58 of 3rd period - Shot Blocked by Michael Raffl.
8:00 of 3rd period - Snap shot by Phil Oreskovic.
8:00 of 3rd period - Shot Blocked by Eric Gelinas.
8:02 of 3rd period - Slapshot by Andy Miele.
8:02 of 3rd period - Shot Blocked by Michael Raffl.
8:04 of 3rd period - Snap shot by Phil Oreskovic.
8:04 of 3rd period - Stopped by Jacob Markstrom without a rebound.
8:05 of 3rd period - James Wright wins face-off versus Brendan Gallagher in Knights zone.
9:44 of 3rd period - Andy Miele is hit by Joe Colborne and loses puck.
9:48 of 3rd period - Penalty to Tomas Kundratek is over, Tomas Kundratek is back on ice.
10:03 of 3rd period - Backhand shot by Anton Lander.
10:03 of 3rd period - Stopped by Jacob Markstrom without a rebound.
10:04 of 3rd period - Tyler Seguin wins face-off versus Anton Lander in Knights zone.
10:04 of 3rd period - Tyler Seguin is hit by Colton Orr.
10:12 of 3rd period - Snap shot by Chris Thorburn.
10:12 of 3rd period - Shot Blocked by Jeremy Welsh.
10:14 of 3rd period - Wrist shot by Magnus Paajarvi-Svensson.
10:14 of 3rd period - Shot Misses the Net.
10:16 of 3rd period - Slapshot by Tomas Kundratek.
10:16 of 3rd period - Stopped by Ray Emery with a rebound.
10:33 of 3rd period - Icing by Anton Gustafsson.
10:34 of 3rd period - Joe Colborne wins face-off versus Anton Gustafsson in Carnivores zone.
11:08 of 3rd period - Snap shot by Joffrey Lupul.
11:08 of 3rd period - Stopped by Jacob Markstrom with a rebound.
11:18 of 3rd period - Eric Gelinas is hit by Anton Lander and loses puck.
11:36 of 3rd period - Icing by Colton Orr.
11:37 of 3rd period - Anton Lander wins face-off versus Josh Jooris in Carnivores zone.
12:10 of 3rd period - Slapshot by Bobby Sanguinetti.
12:10 of 3rd period - Shot Misses the Net.
12:12 of 3rd period - Slapshot by Bobby Sanguinetti.
12:12 of 3rd period - Shot Blocked by Eric Gelinas.
12:14 of 3rd period - Snap shot by Chris Lawrence.
12:14 of 3rd period - Stopped by Jacob Markstrom without a rebound.
12:15 of 3rd period - Anton Lander wins face-off versus Tyler Seguin in Knights zone.
12:23 of 3rd period - Minor Penalty to Chris Thorburn for Interference.
12:24 of 3rd period - James Wright wins face-off versus Andy Miele in Knights zone.
12:32 of 3rd period - Eric Gelinas is hit by Andy Miele and loses puck.
12:39 of 3rd period - Wrist shot by Andy Miele.
12:39 of 3rd period - Shot Misses the Net.
13:27 of 3rd period - Nikita Nikitin is hit by Sasha Pokulok.
14:23 of 3rd period - Penalty to Chris Thorburn is over, Chris Thorburn is back on ice.
14:30 of 3rd period - Icing by Zbynek Michalek.
14:31 of 3rd period - Zack Smith wins face-off versus Josh Jooris in Knights zone.
14:36 of 3rd period - Snap shot by Zack Smith.
14:36 of 3rd period - Stopped by Jacob Markstrom with a rebound.
14:38 of 3rd period - Wrist shot by Stanislav Galiev.
14:38 of 3rd period - Shot Misses the Net.
15:24 of 3rd period - Wrist shot by James Wright.
15:24 of 3rd period - Stopped by Ray Emery without a rebound.
15:25 of 3rd period - Andy Miele wins face-off versus James Wright in Carnivores zone.
15:25 of 3rd period - Andy Miele is hit by Michael Raffl.
15:39 of 3rd period - Alex Chiasson is hit by Joffrey Lupul and loses puck.
16:42 of 3rd period - Brendan Gallagher is hit by Kevin Hayes and loses puck.
17:01 of 3rd period - Slapshot by Michael Stone.
17:01 of 3rd period - Shot Misses the Net.
17:17 of 3rd period - Blake Geoffrion is hit by Michael Stone and loses puck.
17:28 of 3rd period - Minor Penalty to Joe Colborne for Tripping.
17:29 of 3rd period - James Wright wins face-off versus Andy Miele in Knights zone.
19:28 of 3rd period - Penalty to Joe Colborne is over, Joe Colborne is back on ice.
19:40 of 3rd period - Knights, Jacob Markstrom is pulled from the net.
19:42 of 3rd period - Slapshot by Chris Thorburn.
19:42 of 3rd period - Shot Misses the Net.
Goals for this period are 3 for Carnivores vs 0 for Knights.
Shots for this period are 19 for Carnivores vs 7 for Knights.
Output by the SimonT Hockey Simulator (STHS) for François Prévost -- Original Page W3C XHTML 1.0 Valid